 Dungeon Crawl Stone Soup version 0.29.0-4-gdea44cf6ec (webtiles) character file.

Game seed: 5445281249618491646

18 qw the Chopper (level 2, -1/24 HPs)
             Began as a Demonspawn Cinder Acolyte on Sept 9, 2022.
             Was a High Priest of Ignis.
             Succumbed to a goblin's poison
             ... on level 1 of the Dungeon.
             The game lasted 00:00:19 (765 turns).

qw the Chopper (Demonspawn Cinder Acolyte)           Turns: 765, Time: 00:00:20

Health: -1/24      AC: 11    Str: 14    XL:     2   Next: 51%
Magic:  3/3        EV: 11    Int: 15    God:    Ignis [*****.]
Gold:   26         SH:  0    Dex:  8    Spells: 3/3 levels left

rFire   + . .      SeeInvis .   a - -1 hand axe (flame)
rCold   . . .      Faith    .   (no shield)
rNeg    . . .      Spirit   .   b - +0 robe
rPois   .          Reflect  .   (no helmet)
rElec   .          Harm     .   (no cloak)
rCorr   .          Rampage  .   (no gloves)
Will    .....                   (no boots)
Stlth   +.........              (no amulet)
HPRegen 0.08/turn               (no ring)
MPRegen 0.08/turn               (no ring)

@: lethally poisoned (-1 -> -24), fiery-armoured
A: yellow scales 1
a: Renounce Religion, Fiery Armour, Foxfire Swarm, Rising Flame


You were on level 1 of the Dungeon.
You worshipped Ignis.
Ignis was extremely pleased with you.
You visited 1 branch of the dungeon, and saw 1 of its levels.

You collected 26 gold pieces.


Innate Abilities, Weirdness & Mutations

You are partially covered in yellow scales. (AC +2)


   Skills:
 - Level 3.0 Fighting
 + Level 3.5 Axes
 - Level 1.0 Spellcasting
 - Level 2.6 Fire Magic


You had 3 spell levels left.
You didn't know any spells.
Your spell library contained the following spells:

 Spells                   Type           Power      Damage    Failure   Level
 Scorch                   Fire           16%        2d5       12%         2

Inventory:

Hand Weapons
 a - a -1 hand axe of flaming (weapon)
Armour
 b - a +0 robe (worn)
Scrolls
 d - a scroll of acquirement {unknown}
 e - a scroll of teleportation {unknown}
 f - a scroll of vulnerability {unknown}
 g - a scroll of identify {unknown}
Potions
 c - a potion of magic {unknown}

Dungeon Overview and Level Annotations

Branches:
Dungeon (1/15)

Altars:


Message History

The ball python constricts you.
You hit the ball python but do no damage.
The ball python barely misses you. The ball python constricts you.
The ball python completely misses you. The ball python constricts you.
You hit the ball python. You burn the ball python.
You kill the ball python!
You start resting.
HP restored.
Things that are here:
a +0 whip; a ball python corpse; a kobold corpse You now have 26 gold pieces (gained 6).
A goblin comes into view. It is wielding a +0 dagger.
The goblin shouts!
Enter note: You hit the goblin.
You burn the goblin.
The goblin is severely wounded.
The goblin barely misses you.
You hit the goblin. You burn the goblin.
You kill the goblin!
Things that are here:
a +0 dagger; a goblin corpse A goblin comes into view.
It is wielding a +1 dagger of venom.
The goblin shouts!
You barely miss the goblin.
The goblin hits you with a +1 dagger of venom.
You are poisoned.
The goblin hits you with a +1 dagger of venom.
You are lethally poisoned!
You hit the goblin but do no damage.
You feel very sick.
The goblin hits you with a +1 dagger of venom.
You are more poisoned.
764 ||| INVOKING Fiery Armour.
A protective cloak of flame settles atop you.
You feel very sick.
The goblin hits you with a +1 dagger of venom.
The goblin is burned by your cloak of flames.
You kill the goblin!
There is a lethal amount of poison in your body!
You die...

#.# #.# #.# #.#
+.. #.# #.#####
#.# #.#... #.#
#######.#.######.#
.)............##)#
##........#.#.##@#
#........#.#.##.#
#........###.##.#
#........#...##.#
#........#)####.#
#........#......#
######+#.########
#..


There were no monsters in sight!

Vanquished Creatures
  An endoplasm (D:1)
  4 goblins (D:1)
  2 hobgoblins (D:1)
  2 jackals (D:1)
  A ball python (D:1)
  2 bats (D:1)
  3 frilled lizards (D:1)
  2 kobolds (D:1)
  A rat (D:1)
18 creatures vanquished.

Notes
Turn   | Place    | Note
-------+----------+-------------------------------------------
     0 | D:1      | qw the Demonspawn Cinder Acolyte began the quest for the
                  | Orb.
     0 | D:1      | Reached XP level 1. HP: 18/18 MP: 2/2
     0 | D:1      | 0 ||| qw: Version: 0.1-a-113-g051387a
     0 | D:1      | 0 ||| qw: Game counter: 7321
     0 | D:1      | 0 ||| qw: Always use a shield: true
     0 | D:1      | 0 ||| qw: God list: Okawaru
     0 | D:1      | 0 ||| qw: Allow faded altars: false
     0 | D:1      | 0 ||| qw: Do Orc after D:15 true
     0 | D:1      | 0 ||| qw: Do second Lair branch before Depths: true
     0 | D:1      | 0 ||| qw: Lair rune preference: random
     0 | D:1      | 0 ||| qw: Plans: Normal
     0 | D:1      | 0 ||| PLANNING D:1-11
    89 | D:1      | 89 ||| Stepping ~*~*~tactically~*~*~ (stealth).
   159 | D:1      | 159 ||| Stepping ~*~*~tactically~*~*~ (stealth).
   183 | D:1      | 183 ||| Stepping ~*~*~tactically~*~*~ (stealth).
   185 | D:1      | 185 ||| Stepping ~*~*~tactically~*~*~ (stealth).
   190 | D:1      | Reached skill level 3 in Axes
   387 | D:1      | Gained mutation: You are partially covered in yellow
                  | scales. (AC +2) [demonic ancestry]
   387 | D:1      | Reached XP level 2. HP: 20/24 MP: 3/3
   596 | D:1      | 596 ||| Stepping ~*~*~tactically~*~*~ (stealth).
   598 | D:1      | 598 ||| Stepping ~*~*~tactically~*~*~ (stealth).
   764 | D:1      | 764 ||| INVOKING Fiery Armour.
   764 | D:1      | HP: 5/24 [poisoned by a goblin]
   765 | D:1      | Succumbed to a goblin's poison

Levels and vault maps discovered:
D:1:      minmay_arrival_doors, layout_basic, serial_shops, nicolae_shop_stone

Skill      XL: |  1 |
---------------+----+-----
Axes           | 3 |  3.5
Fighting       | |  3.0
Spellcasting   | |  1.0
Fire Magic     | |  2.6

Action                   || total
-------------------------++-------
Melee: Hand axe          ||    64
Invok: Fiery Armour      ||     1
Armor: Robe              ||    19
Dodge: Dodged            ||    48

Table legend:
 A = Non-vault XP
 B = Vault XP
 C = Vault XP percentage of total XP
 D = Non-vault monster count
 E = Vault monster count
 F = Vault count percentage of total count
                 A         B        C        D         E       F
            +---------+---------+-------+---------+---------+-------
      Total |      27 |       0 |   0.0 |      18 |       0 |   0.0
            +---------+---------+-------+---------+---------+-------
        D:1 |      27 |       0 |   0.0 |      18 |       0 |   0.0
            +---------+---------+-------+---------+---------+-------
